 Dungeon Crawl Stone Soup version 0.18.1-6-gd335043 (webtiles) character file.

343 F1L1N the Shield-Bearer (level 6, -7/44 HPs)
             Began as a Formicid Fighter on May 16, 2016.
             Mangled by a troll (8 damage)
             ... on level 6 of the Dungeon.
             The game lasted 00:05:33 (2288 turns).

F1L1N the Shield-Bearer (Formicid Fighter)          Turns: 2288, Time: 00:05:33

Health: -7/44      AC:  7    Str: 22    XL:     6   Next: 88%
Magic:  6/6        EV:  9    Int:  8    God:
Gold:   298        SH: 10    Dex: 10    Spells: 0 memorised, 5 levels left

rFire  + . .     SeeInvis +     y - +3 dire flail
rCold  + + .     Gourm    .     b - +0 scale mail
rNeg   . . .     Faith    .     c - +0 shield
rPois  +         Spirit   .     (helmet unavailable)
rElec  +         Dismiss  .     (no cloak)
rCorr  +         Reflect  .     (no gloves)
SustAt .         Harm     .     (no boots)
MR     .....                    (no amulet)
Stlth  ..........               (no ring)
                                (no ring)

@: resistant, starving, drained, not resistant to hostile enchantments,
extremely unstealthy
A: permanent stasis, dig shafts and tunnels, four strong arms, antennae 3, cold
resistance 1, frail 1
a: Dig, Shaft Self


You were on level 6 of the Dungeon.
You were starving.

You visited 1 branch of the dungeon, and saw 5 of its levels.

You collected 298 gold pieces.

Inventory:

Hand Weapons
 y - a +3 dire flail (weapon)
Armour
 b - a +0 scale mail (worn)
 c - a +0 shield (worn)
Scrolls
 a - a scroll of enchant weapon {unknown}
 g - 2 scrolls of enchant armour {unknown}
 j - a scroll of blinking {unknown}
 k - a scroll of amnesia {unknown}
 o - 2 scrolls of recharging {unknown}
 p - a scroll of remove curse {unknown}
 q - a scroll of fog {unknown}
 r - a scroll of random uselessness {unknown}
 x - 2 scrolls of teleportation {unknown}
Potions
 d - a potion of might
 h - 2 potions of cure mutation {unknown}
 i - 2 potions of haste {unknown}
 n - 3 potions of curing {unknown}
 s - a potion of degeneration {unknown}
 u - a potion of flight {unknown}
 v - a potion of magic {unknown}
 w - a potion of lignification {unknown}
Comestibles
 f - 2 bread rations
 l - 4 fruits
 m - 2 meat rations


   Skills:
 * Level 4.5(4.4) Fighting
 + Level 2.8(2.7) Maces & Flails
 + Level 4.3(4.2) Armour
 + Level 2.5(2.4) Dodging
 + Level 5.5(5.4) Shields


You had 5 spell levels left.
You didn't know any spells.

Dungeon Overview and Level Annotations

Branches:
Dungeon (4/15)             Temple (0/1) D:4

Altars:
The Shining One


Innate Abilities, Weirdness & Mutations

You are under a permanent stasis effect.
You can dig through walls and to a lower floor.
Your four strong arms can wield two-handed weapons with a shield.
You have a pair of large antennae on your head (SInv).
Your flesh is cold resistant.
You are frail (-10% HP).


Message History

You hit the troll.
The troll is lightly wounded.
You block the troll's attack. x2; The troll claws you but does no damage.
You puncture the troll!
The troll is moderately wounded.
The troll bites you!
* * * LOW HITPOINT WARNING * * *
The troll claws you!
* * * LOW HITPOINT WARNING * * *
The troll barely misses you.
Unknown command.
You are starving!
There is a stone staircase leading down here.
Drink which item? (? for menu, Esc to quit)
It was a potion of resistance.
You feel protected. You block the troll's attack. The troll claws you.
* * * LOW HITPOINT WARNING * * *
The troll claws you!
You die...

###########
#......>..#####
#.####........### #.#
#.#####..... ##.####.#
#..### #.......#
#..... ##..###..#
#.####
#######.@.###..#####.#
#..)...T#............#
#
#.#####...........#.##
# ##.#######....# #
#.# ####.# # #.# ....
.. #.######## ######
#......... ##########


You could see a troll.

Vanquished Creatures
  4 wights (D:6)
  An iguana (D:6)
  Natasha (D:3)
  5 adders
  An adder skeleton (D:4)
  2 worms (D:2)
  3 dart slugs
  2 giant geckos
  5 giant cockroaches
  10 goblins
  4 hobgoblins
  8 jackals (D:2)
  A quokka (D:2)
  3 bats
  2 giant newts
  11 kobolds
  A quokka zombie (D:4)
  12 rats
76 creatures vanquished.

Notes
Turn   | Place    | Note
--------------------------------------------------------------
     0 | D:1      | F1L1N the Formicid Fighter began the quest for the Orb.
     0 | D:1      | Reached XP level 1. HP: 18/18 MP: 1/1
    69 | D:1      | Reached XP level 2. HP: 12/24 MP: 2/2
   269 | D:1      | Reached XP level 3. HP: 13/30 MP: 3/3
   613 | D:2      | Reached skill level 4 in Shields
   867 | D:2      | Reached XP level 4. HP: 36/37 MP: 4/4
   990 | D:2      | Reached skill level 1 in Dodging
  1320 | D:3      | Reached XP level 5. HP: 39/42 MP: 5/5
  1356 | D:3      | Gained mutation: Your flesh is cold resistant. [potion of mutation]
  1356 | D:3      | Gained mutation: You are frail (-10% HP). [potion of mutation]
  1518 | D:3      | Found a glowing golden altar of the Shining One.
  1626 | D:3      | Noticed Natasha
  1632 | D:3      | Killed Natasha
  1797 | D:4      | Reached skill level 5 in Shields
  1846 | D:4      | Found a staircase to the Ecumenical Temple.
  1898 | D:4      | You fall through a shaft for 2 floors!
  1911 | D:6      | Reached XP level 6. HP: 10/43 MP: 6/6
  1992 | D:6      | HP: 2/44 [iguana (7)]
  2274 | D:6      | Noticed a troll
  2280 | D:6      | HP: 2/44 [troll (8)]
  2288 | D:6      | HP: 1/44 [troll (2)]
  2288 | D:6      | Mangled by a troll

Skill      XL: |  1  2  3  4  5  6 |
---------------+-------------------+-----
Shields        | 4 5 |  5.5
Fighting       | 4 |  4.5
Dodging        | 1 2 |  2.5
Armour         | 4 |  4.3
Maces & Flails | |  2.8

Action                   |  1- 3 |  4- 6 || total
-------------------------+-------+-------++-------
Melee: Flail             |   113 |    78 ||   191
       Mace              |       |    83 ||    83
       Dire flail        |       |    11 ||    11
  Use: Scroll            |       |     3 ||     3
       Potion            |       |     4 ||     4
  Eat: Chunk             |       |     3 ||     3
Armor: Scale mail        |    61 |    95 ||   156
Dodge: Dodged            |    37 |    89 ||   126
Block: Shield            |    86 |   146 ||   232
